 Dungeon Crawl Stone Soup version 0.28.0-53-g5a82cb258f (webtiles) character file.

Game seed: 16555704654057852761

59 melsah the Skirmisher (level 3, -5/32 HPs)
             Began as a Palentonga Abyssal Knight on July 28, 2022.
             Was a Believer of Lugonu.
             Slain by a worm (6 damage)
             ... on level 2 of the Dungeon.
             The game lasted 00:03:03 (1567 turns).

melsah the Skirmisher (Palentonga Abyssal Knight)   Turns: 1567, Time: 00:03:04

Health: -5/32      AC:  8    Str: 18    XL:     3   Next: 78%
Magic:  5/5        EV:  7    Int: 10    God:    Lugonu [**....]
Gold:   21         SH:  0    Dex: 10    Spells: 2/2 levels left

rFire   . . .      SeeInvis +   a - +1 falchion
rCold   . . .      Faith    .   (no shield)
rNeg    . . .      Spirit   .   b - +0 leather armour
rPois   .          Reflect  .   (no helmet)
rElec   .          Harm     .   (no cloak)
rCorr   .          Rampage  .   (no gloves)
Will    .....                   e - +0 barding
Stlth   +.........              (no amulet)
HPRegen 0.10/turn               (no ring)
MPRegen 0.09/turn               (no ring)

@: no status effects
A: large, rugged brown scales 3, see invisible, deformed body, roll 1, armoured
tail
a: Rolling Charge, Renounce Religion, Depart the Abyss, Bend Space


You were on level 2 of the Dungeon.
You worshipped Lugonu.
Lugonu was pleased with you.
You visited 1 branch of the dungeon, and saw 2 of its levels.
You visited the Abyss 1 time.

You collected 21 gold pieces.

Inventory:

Hand Weapons
 a - a +1 falchion (weapon)
Armour
 b - a +0 leather armour (worn)
 e - a +0 barding (worn)
Scrolls
 c - 2 scrolls of identify {unknown}
Potions
 d - 2 potions of cancellation {unknown}


   Skills:
 + Level 3.6 Fighting
 + Level 2.9 Long Blades
 - Level 1.5 Armour
 - Level 0.7 Dodging
 + Level 3.0 Invocations


You had 2 spell levels left.
You didn't know any spells.
Your spell library was empty.

Dungeon Overview and Level Annotations

Branches:
Dungeon (2/15)

Altars:


Innate Abilities, Weirdness & Mutations

You are completely covered in rugged brown scales. (AC +3, +7% HP)
You have supernaturally acute eyesight. (SInv)
Armour fits poorly on your strangely shaped body.
You can roll at nearby foes to attack.
You have a long armoured tail.


Message History

A hobgoblin comes into view.
The hobgoblin shouts!
You see here a bat corpse.
There are monsters nearby!
The hobgoblin hits you but does no damage.
You hit the worm. You tail-slap the worm.
The worm is heavily wounded.
The hobgoblin hits you but does no damage.
The worm bites you!
You barely miss the worm.
The worm is moderately wounded.
The hobgoblin hits you but does no damage.
You slash the worm!
The worm is almost dead.
The hobgoblin hits you. The worm closely misses you. The hobgoblin misses you.
You hit the worm.
Your tail-slap misses the worm.
The worm is almost dead.
The hobgoblin barely misses you. The worm bites you!
You are too injured to fight recklessly!
You are too injured to fight recklessly!
You are too injured to fight recklessly!
You hit the hobgoblin.
Your tail-slap misses the hobgoblin.
The hobgoblin is almost dead.
The hobgoblin hits you but does no damage.
You hit the hobgoblin.
You kill the hobgoblin!
Lugonu accepts your kill. The worm bites you.
* * * LOW HITPOINT WARNING * * *
The worm bites you!
* * * LOW HITPOINT WARNING * * *
You hit the worm but do no damage.
Your tail-slap misses the worm.
The worm is severely wounded.
You barely miss the worm.
The worm is severely wounded.
The worm completely misses you.
You hit the worm.
The worm is almost dead.
The worm bites you.
You die...

#...###..#
....# #...#
#..#.##.##
.....##..#.##.#
..............#
.......†.....##
........##.###
........# .#
........##.#
......w@...#
........##.#
...###..# # ...
#..# .. #..#
#..# ...# ....


You could see a worm.

Vanquished Creatures
  Robin (D:1)
  A dart slug (D:1)
  4 bats
  3 endoplasms (D:1)
  A giant cockroach (D:1)
  9 goblins
  6 hobgoblins
  3 jackals (D:1)
  2 quokkas (D:1)
  3 ball pythons (D:1)
  A frilled lizard (D:1)
  5 kobolds (D:1)
  2 rats (D:1)
41 creatures vanquished.

Notes
Turn   | Place    | Note
-------+----------+-------------------------------------------
     0 | Abyss:1  | melsah the Palentonga Abyssal Knight began the quest for
                  | the Orb.
     0 | Abyss:1  | Reached XP level 1. HP: 19/19 MP: 2/2
    17 | Abyss:1  | Found a corrupted altar of Lugonu.
    38 | Abyss:1  | Found a corrupted altar of Lugonu.
    74 | Abyss:1  | Noticed a hell hound
    78 | Abyss:1  | Noticed a flayed ghost
    79 | D:1      | Escaped the Abyss
   187 | D:1      | Reached * piety under Lugonu
   329 | D:1      | Reached XP level 2. HP: 25/25 MP: 3/3
   859 | D:1      | Reached XP level 3. HP: 31/31 MP: 4/4
  1087 | D:2      | Noticed Robin
  1116 | D:1      | Reached ** piety under Lugonu
  1364 | D:1      | Killed Robin
  1564 | D:2      | HP: 1/32 [worm (9)]
  1567 | D:2      | Slain by a worm

Illustrated notes

Levels and vault maps discovered:
D:1:      dpeg_arrival_round_c, layout_loops_ring, eino_curves_01
D:2:      layout_basic, serial_shops, shop, basic_ecumenical_altar,
          uniq_terence, uniq_natasha, uniq_robin

Skill      XL: |  1  2  3 |
---------------+----------+-----
Invocations    | 3 |  3.0
Fighting       | |  3.6
Long Blades    | |  2.9
Armour         | |  1.5
Dodging        | |  0.7

Action                   || total
-------------------------++-------
Melee: Falchion          ||   110
       Tailslap          ||     7
Invok: Depart the Abyss  ||     1
 Abil: Rolling Charge    ||     3
Armor: Leather armour    ||    54
Dodge: Dodged            ||    38
